 Dungeon Crawl Stone Soup version 0.17-a0-1804-gf6433eb (webtiles) character file.

58 AvaKnavely the Charmwright (level 4, 0/51 HPs)
             Began as a Merfolk Skald on Sept 11, 2015.
             Succumbed to an adder's poison
             ... on level 2 of the Dungeon.
             The game lasted 00:02:43 (1322 turns).

AvaKnavely the Charmwright (Merfolk Skald)          Turns: 1322, Time: 00:02:43

Health: 0/51       AC: 22    Str: 12    XL:     4   Next: 1%
Magic:  7/7        EV:  2    Int: 12    God:
Gold:   54         SH:  0    Dex: 13    Spells: 2 memorised, 4 levels left

rFire  . . .     SeeInvis .     a - +0 spear
rCold  . . .     Clarity  .     (armour currently unavailable)
rNeg   + + +     SustAt   .     (no shield)
rPois  +         Gourm    .     (helmet currently unavailable)
rElec  .         Spirit   .     (cloak currently unavailable)
rCorr  .         Warding  .     (gloves currently unavailable)
rMut   .         NoTele   +     (boots currently unavailable)
MR     .....                    (no amulet)
Stlth  +.........               (no ring)
                                (no ring)

@: lethally poisoned (0 -> -8), tree-form, not resistant to hostile
enchantments, very unstealthy
A: (change form in water), (swift swim)
a: no special abilities


You were on level 2 of the Dungeon.
You were near starving.
You were a tree.
You visited 1 branch of the dungeon, and saw 2 of its levels.

You collected 54 gold pieces.

Inventory:

Hand weapons
 a - a +0 spear (weapon)
Armour
 b - a +0 leather armour (melded)
Jewellery
 e - an uncursed ring of wizardry {unknown}
Scrolls
 f - a scroll of identify {unknown}
Books
 c - a book of Battle

   Spells                             Type                      Level
   a - Infusion                       Charms                       1
   b - Shroud of Golubria             Charms/Translocation         2
   c - Song of Slaying                Charms                       2
   d - Spectral Weapon                Hexes/Charms                 3
   e - Regeneration                   Charms/Necromancy            3
Comestibles
 d - a bread ration
 g - a meat ration
 h - a beef jerky


   Skills:
 + Level 2.9 Fighting
 + Level 3.7 Polearms
 - Level 0.6 Armour
 - Level 1.3 Dodging
 - Level 0.2 Stealth
 + Level 2.2 Spellcasting
 + Level 4.2 Charms


You had 4 spell levels left.
You knew the following spells:

 Your Spells              Type           Power        Failure   Level  Hunger
a - Infusion              Chrm           ##....       6%          1    ##.....
b - Shroud of Golubria    Chrm/Tloc      #.........   17%         2    ###....


Dungeon Overview and Level Annotations

Branches:
Dungeon (2/15)

Altars:


Message History

You feel sick. The adder barely misses you.
You barely miss the adder.
The adder is almost dead.
* * * LOW HITPOINT WARNING * * *
You feel sick. The adder barely misses you.
You miss the adder.
The adder is almost dead.
* * * LOW HITPOINT WARNING * * *
You feel sick. The adder closely misses you.
You hit the adder.
You kill the adder!
You have reached level 4!
You are near starving!
* * * LOW HITPOINT WARNING * * *
You feel sick.
There is a lethal amount of poison in your body!
It was a potion of lignification.
You turn into a tree.
Your +0 leather armour melds into your body.
Your roots penetrate the ground.
You die...

♣ # .♣ #
♣♣.♣ # ..♣ #
♣♣♣♣♣♣♣.♣ #
♣♣...♣♣..♣ #
♣♣.♣♣.♣..♣ #
♣.♣♣♣♣.♣.♣♣♣
# ♣♣♣
♣♣♣...♣♣♣♣ #
♣.♣
♣♣.♣.♣.♣♣ #
♣...†.♣
♣♣♣♣...♣♣#
♣♣.....
♣♣♣..♣#
♣...♣.♣
♣♣.♣# ♣.♣♣
.♣ ♣... ♣.
.. ♣♣♣# ♣ ♣.
# .. #


There were no monsters in sight!

Vanquished Creatures
  3 adders (D:2)
  An ooze (D:1)
  A worm (D:2)
  2 giant cockroaches (D:1)
  3 hobgoblins
  8 bats
  2 giant newts
  2 goblins (D:1)
  3 rats (D:2)
25 creatures vanquished.

Notes
Turn   | Place    | Note
--------------------------------------------------------------
     0 | D:1      | AvaKnavely the Merfolk Skald began the quest for the Orb.
     0 | D:1      | Reached XP level 1. HP: 16/16 MP: 3/3
    58 | D:1      | Reached XP level 2. HP: 12/23 MP: 5/5
   101 | D:1      | Learned a level 2 spell: Shroud of Golubria
   684 | D:2      | Reached skill level 4 in Charms
   684 | D:2      | Reached XP level 3. HP: 20/28 MP: 0/6
  1321 | D:2      | Reached XP level 4. HP: 2/34 MP: 7/7
  1321 | D:2      | HP: 1/34 [poisoned by an adder]
  1322 | D:2      | Succumbed to an adder's poison

Vault maps used:
D:1:      kilobyte_arrival_exit_the_forest, hangedman_decor_lopped
D:2:      forest_paths, tgw_xom, serial_co_window_serial, co_window_paths_b,
          co_window_corner_a, co_window_corner_a, co_window_paths_a,
          co_window_paths_a, co_window_corner_b, co_window_paths_d,
          glass_columns_a, glass_columns_a

Action                   |  1- 3 |  4- 6 || total
-------------------------+-------+-------++-------
Melee: Spear             |   107 |       ||   107
 Cast: Infusion          |     3 |       ||     3
       Shroud of Golubri |     1 |       ||     1
  Use: Potion            |       |     1 ||     1
 Stab: Sleeping          |     3 |       ||     3
